 Dungeon Crawl Stone Soup version 0.31.0-32-g396128a36d (webtiles) character file.

Game seed: 2515058139279126048

55 monsoonserge the Conjurer (level 3, 0/24 (27) HPs)
             Began as a Demonspawn Reaver on Mar 29, 2024.
             Succumbed to an adder's poison
             ... on level 2 of the Dungeon.
             The game lasted 00:07:08 (1655 turns).

monsoonserge the Conjurer (Demonspawn Reaver)       Turns: 1655, Time: 00:07:08

HP:   0/24 (27)     AC:  3    Str: 12    XL:     3   Next: 67%
MP:   6/6           EV: 11    Int: 15    God:
Gold: 130           SH:  0    Dex: 13    Spells: 5/6 levels left

rFire   . . .        a - +0 falchion
rCold   . . .        (no shield)
rNeg    . . .        b - +0 leather armour
rPois   .            (no helmet)
rElec   +            (no cloak)
rCorr   .            (no gloves)
SInv    .            (no boots)
Will    .....        (no amulet)
Stlth   ++           h - ring of flight
HPRegen 1.04/turn    (no ring)
MPRegen 0.10/turn

%: no passive effects
@: lethally poisoned (0 -> -1), flying, hasted, heavily drained, very quick
A: thin skeletal structure 1, regeneration 1, electricity resistance
a: no special abilities


You were on level 2 of the Dungeon.
You visited 1 branch of the dungeon, and saw 2 of its levels.

You collected 130 gold pieces.

Inventory:

Hand Weapons
 a - a +0 falchion (weapon)
Armour
 b - a +0 leather armour (worn)
Jewellery
 h - a ring of flight (left hand)
Scrolls
 c - a scroll of identify {unknown}
 i - a scroll of enchant armour {unknown}
 j - a scroll of noise {unknown}
 k - a scroll of immolation {unknown}
Potions
 f - a potion of ambrosia {unknown}
 g - a potion of degeneration {unknown}


   Skills:
 + Level 2.2 Fighting
 + Level 3.2 Long Blades
 + Level 1.5 Armour
 + Level 2.0 Dodging
 + Level 0.4 Stealth
 - Level 2.0 Spellcasting
 + Level 3.3 Conjurations


You had 5 spell levels left.
You knew the following spells:

 Your Spells              Type           Power      Damage    Failure   Level
a - Kiss of Death         Conj/Necr      24%        2d7       14%         1

Your spell library contained the following spells:

 Spells                   Type           Power      Damage    Failure   Level
 Momentum Strike          Conj/Tloc      12%        3d8       22%         2
 Lesser Beckoning         Tloc           2%         N/A       38%         2
 Hailstorm                Conj/Ice       6%         3d5       41%         3
 Gell's Gravitas          Tloc           1%         N/A       63%         3
 Teleport Other           Tloc           1%         N/A       63%         3
 Malign Gateway           Summ/Tloc      0%         N/A       100%        7
 Summon Horrible Things   Summ           0%         N/A       100%        8


Dungeon Overview and Level Annotations

Branches:
Dungeon (2/15)

Altars:

Shops:
D:1 (

Annotations:
D:2 Robin


Innate Abilities, Weirdness & Mutations

You have a somewhat thin skeletal structure. (Dex +2, Stealth+)
Your natural rate of healing is unusually fast.
You are resistant to electric shocks. (rElec)


Message History

You are flying.
Your life force is heavily drained.
Your flying speed is average.
Your attack delay is about 1.1.
Your damage rating with your +0 falchion is about 9 (Base 8 x 107% (Dex) x 110% (Skill)).
You hit the adder.
The adder is almost dead.
The adder bites you.
* * * LOW HITPOINT WARNING * * *
Unknown command.
Unknown command.
Unknown command.
Unknown command.
Unknown command.
Unknown command.
Unknown command.
Unknown command.
Unknown command.
Unknown command.
Unknown command.
Unknown command.
It was a potion of mutation.
You feel extremely strange.
You begin to heal more quickly.
You feel insulated. The adder bites you.
* * * LOW HITPOINT WARNING * * *
You are lethally poisoned!
The adder poisons you!
Unknown command.
Unknown command.
Unknown command.
Unknown command.
Unknown command.
Unknown command.
Unknown command.
Unknown command.
Unknown command.
Unknown command.
Unknown command.
Unknown command.
Unknown command.
It was a potion of haste.
You feel yourself speed up.
You die...

###.############
#.............#############
###.#.###...###.#...........#
#.....###...................#
#...##).....................#
#...##...........)..........#
#####...##......###.#...........#
........##......###.##########...
........##...##.@.†..........'...
.....####......S...#.........#...
.....##......................##..
..........##.......#........ ##'#
........#..........#........ #...
.#.##.#.#..........#........ #...
..#..#..#..........#........ #...
.#.##.#.#..........#........ ##..
.#.##.#.#..........#........ #..


You could see an adder.

Vanquished Creatures
  A ribbon worm (D:2)
  4 ball pythons
  A bat (D:1)
  5 endoplasms
  2 giant cockroaches
  6 hobgoblins
  2 jackals (D:1)
  2 quokkas (D:2)
  3 frilled lizards (D:1)
  13 goblins
  3 kobolds
  5 rats
47 creatures vanquished.

Notes
Turn   | Place    | Note
-------+----------+-------------------------------------------
     0 | D:1      | monsoonserge the Demonspawn Reaver began the quest for the
                  | Orb.
     0 | D:1      | Reached XP level 1. HP: 16/16 MP: 3/3
   256 | D:1      | Found a faded altar of an unknown god.
   274 | D:1      | Gained mutation: You have a somewhat thin skeletal
                  | structure. (Dex +2, Stealth+) [demonic ancestry]
   274 | D:1      | Reached XP level 2. HP: 22/22 MP: 5/5
   282 | D:1      | Found Zoquzu Ejyil's Antique Weapon Shop.
   855 | D:2      | HP: 1/22 [ball python (1)]
  1002 | D:2      | Reached skill level 1 in Armour
  1211 | D:2      | Reached XP level 3. HP: 20/21 MP: 6/6
  1331 | D:2      | Noticed Robin
  1653 | D:2      | HP: 1/24 [adder (3)]
  1654 | D:2      | Gained mutation: Your natural rate of healing is unusually
                  | fast. [potion of mutation]
  1654 | D:2      | Gained mutation: You are resistant to electric shocks.
                  | (rElec) [potion of mutation]
  1655 | D:2      | Succumbed to an adder's poison

Illustrated notes

Levels and vault maps discovered:
D:1:      dpeg_arrival_boxes_within_box, layout_basic, serial_shops,
          nicolae_square_shop, hellmonk_ecumenical_altar_pennies_from_heaven
D:2:      layout_basic, minmay_small_reverse_x, uniq_robin

Skill      XL: |  1  2 |
---------------+-------+-----
Armour         | 1 |  1.5
Long Blades    | 3 |  3.2
Dodging        | 2 |  2.0
Fighting       | |  2.2
Stealth        | |  0.4
Spellcasting   | |  2.0
Conjurations   | |  3.3

Action                     || total
---------------------------++-------
  Melee: Falchion          ||   145
   Cast: Kiss of Death     ||     2
    Use: Potion            ||     2
   Stab: Sleeping          ||     2
 Armour: Leather armour    ||    96
  Dodge: Dodged            ||    90
